 Dungeon Crawl Stone Soup version 0.29-a0-266-gf56f883ddd (webtiles) character file.

Game seed: 16989878113875321111

74999 Aksej the Fighter (level 15, -2/190 HPs)
             Began as a Demonspawn Gladiator on Mar 6, 2022.
             Was the Champion of Wu Jian.
             Succumbed to barbed spike wounds
             ... on level 2 of the Orcish Mines.
             The game lasted 00:57:45 (23535 turns).

Aksej the Fighter (Demonspawn Gladiator)           Turns: 23535, Time: 00:57:46

Health: -2/190     AC:  4    Str: 19    XL:     15   Next: 8%
Magic:  0/15       EV: 23    Int: 14    God:    Wu Jian [******]
Gold:   1391       SH:  0    Dex: 23    Spells: 14/14 levels left

rFire   . . .      SeeInvis .   b - +2 scimitar of the Vestibule of Hell {drain, Contam rElec rPois rC++}
rCold   + + +      Faith    .   p - +1 buckler
rNeg    . . .      Spirit   +   r - +3 leather armour of Eternity {Str+4 Int+4 Slay+3}
rPois   +          Reflect  .   (helmet restricted)
rElec   +          Harm     .   g - scarf {repulsion}
rCorr   .          Rampage  .   j - +2 pair of gloves
Will    ++...                   z - +1 pair of boots
Stlth   ..........              F - amulet of guardian spirit
HPRegen 0.41/turn               h - ring "Qeexko" {rC+ Will+ Dex+2}
MPRegen 0.14/turn               V - +4 ring of evasion

@: confused, berserking, spiked, corroded, hasted, studying Unarmed Combat,
repel missiles, very quick
A: hooves 1, horns 2, spiny 2, weakness stinger 2
a: Renounce Religion, Wall Jump, Serpent's Lash, Heavenly Storm


You were on level 2 of the Orcish Mines.
You worshipped Wu Jian.
Wu Jian was exalted by your worship.
You visited 4 branches of the dungeon, and saw 23 of its levels.
You also visited: Sewer and Ice Cave.

You collected 1916 gold pieces.
You spent 525 gold pieces at shops.

Inventory:

Hand Weapons
 a - a +5 short sword of electrocution
 b - the +2 scimitar of the Vestibule of Hell (weapon) {drain, Contam rElec rPois rC++}
   (You found it on level 6 of the Lair of Beasts)

   A truly terrible weapon, it drains the life of any living foe it strikes.
   rC:        It greatly protects you from cold.
   rElec:     It insulates you from electricity.
   rPois:     It protects you from poison.
   Contam:    It causes magical contamination when unequipped.
 X - a +2 rapier of protection
Missiles
 d - a throwing net
 e - a javelin
 E - 10 boomerangs (quivered)
 P - 6 silver javelins
Armour
 g - a scarf of repulsion (worn)
 j - a +2 pair of gloves (worn)
 p - a +1 buckler (worn)
 r - the +3 leather armour of Eternity (worn) {Str+4 Int+4 Slay+3}
   (You bought it in a shop on level 3 of the Dungeon)

   Str:       It affects your strength (+4).
   Int:       It affects your intelligence (+4).
   Slay:      It affects your accuracy & damage with ranged weapons and melee
   (+3).
 z - a +1 pair of boots (worn)
 Y - the +2 robe of Gehenna {rC+ Stlth+}
   (You bought it in a shop on level 10 of the Dungeon)

   rC:        It protects you from cold.
   Stlth:     It makes you more stealthy.
Jewellery
 h - the ring "Qeexko" (left hand) {rC+ Will+ Dex+2}
   (You acquired it on level 2 of the Dungeon)

   [ring of willpower]

   Dex:       It affects your dexterity (+2).
   rC:        It protects you from cold.
   Will:      It increases your willpower.
 o - a ring of protection from cold
 u - an amulet of regeneration
 F - an amulet of guardian spirit (around neck)
 G - a +6 ring of strength
 S - an amulet of the acrobat
 V - a +4 ring of evasion (right hand)
 W - an amulet of magic regeneration
Wands
 n - a wand of flame (29)
 y - a wand of iceblast (36)
 R - a wand of paralysis (6)
 T - a wand of acid (5)
Scrolls
 f - 6 scrolls of blinking
 q - a scroll of amnesia
 v - 6 scrolls of immolation
 A - 3 scrolls of vulnerability
 H - 7 scrolls of teleportation
 I - 2 scrolls of enchant armour
 J - a scroll of brand weapon
 L - a scroll of fear
 M - 3 scrolls of identify
 O - a scroll of magic mapping
 U - a scroll of fog
Potions
 c - 13 potions of curing
 i - 3 potions of lignification
 k - 5 potions of flight
 l - 2 potions of magic
 m - 5 potions of ambrosia
 s - 3 potions of cancellation
 t - 3 potions of mutation
 w - 4 potions of attraction
 x - a potion of haste
 C - 3 potions of resistance
 K - 2 potions of invisibility
 N - a potion of brilliance
 Q - 5 potions of might


   Skills:
 * Level 14.7 Fighting
 + Level 13.1(13.3) Short Blades
 + Level 2.8(9.0) Long Blades
 + Level 3.4 Throwing
 + Level 6.7 Armour
 + Level 9.8 Dodging
 + Level 11.2 Stealth
 + Level 5.9 Shields


You had 14 spell levels left.
You didn't know any spells.
Your spell library contained the following spells:

 Spells                   Type           Power      Damage    Failure   Level
 Beastly Appendage        Tmut           0%         N/A       38%         1
 Ensorcelled Hibernation  Hex/Ice        0%         N/A       54%         2
 Scorch                   Fire           0%         2d5       54%         2
 Sublimation of Blood     Necr           0%         N/A       54%         2
 Wereblood                Tmut           0%         N/A       54%         2
 Conjure Flame            Conj/Fire      0%         6-21      77%         3
 Ignite Poison            Fire/Tmut/Pois 0%         N/A       77%         3
 Ozocubu's Armour         Ice            0%         N/A       77%         3
 Spider Form              Tmut/Pois      0%         N/A       77%         3
 Anguish                  Hex/Necr       0%         N/A       99%         4
 Flame Wave               Conj/Fire      0%         2d4       99%         4
 Petrify                  Tmut/Erth      0%         N/A       99%         4
 Sticky Flame             Conj/Fire      0%         2d3       99%         4
 Irradiate                Conj/Tmut      0%         3d13      100%        5
 Metabolic Englaciation   Hex/Ice        0%         N/A       100%        5
 Simulacrum               Ice/Necr       0%         N/A       100%        6
 Summon Cactus Giant      Summ           0%         N/A       100%        6
 Summon Hydra             Summ           0%         N/A       100%        7
 Borgnjor's Revivificati  Necr           0%         N/A       100%        8
 Necromutation            Tmut/Necr      0%         N/A       100%        8
 Death's Door             Necr           0%         N/A       100%        9


Dungeon Overview and Level Annotations

Branches:
Dungeon (14/15)            Temple (1/1) D:4            Lair (6/6) D:11
 Shoals (0/4) Lair:4        Snake (0/4) Lair:3        Slime (0/5) Lair:6
    Orc (2/2) D:10            Elf (0/3) Orc:2        Vaults (0/5) D:13
  Sewer (visited)           IceCv (visited)

Altars:
Cheibriados
Elyvilon
Makhleb
Nemelex Xobeh
Qazlal
Ru
Trog
Uskayaw
Vehumet
Wu Jian
Xom
Yredelemnul
Zin

Shops:
D:3 [   D:10 *


Innate Abilities, Weirdness & Mutations

You have large cloven feet.
You have a pair of horns on your head.
You are mostly covered in sharp spines.
You have a tail ending in a sharp stinger.


Message History

The red devil misses you. The rust devil hits you.
* * * LOW HITPOINT WARNING * * *
The rust devil corrodes you!
The orc warrior hits you from afar with a +0 trident!
* * * LOW HITPOINT WARNING * * *
Something hits you but does no damage. The orc sorcerer closely misses you.
Something closely misses you.
The orc warrior is struck by your spines.
The orc warrior completely misses you.
An orc wizard comes into view. It is wielding a +0 dagger.
The orc sorcerer is struck by your spines.
The orc sorcerer closely misses you.
A red film seems to cover your vision as you go berserk!
You feel yourself moving faster!
You feel mighty!
The red devil hits you from afar with a +0 trident!
* * * LOW HITPOINT WARNING * * *
Barbed spikes become lodged in your body.
The rust devil completely misses you.
The orc priest looks braver for a moment.
The orc priest calls upon Beogh to heal the orc sorcerer.
The orc sorcerer is healed somewhat.
Something closely misses you. The orc sorcerer misses you.
Something closely misses you.
The orc sorcerer is struck by your spines.
The orc sorcerer closely misses you. The orc warrior barely misses you.
An orc sorcerer comes into view. It is wielding a +0 dagger.
The barbs in your skin will harm you if you move.
Continue?
Okay, then.
(D) Dungeon (T) Temple (L) Lair (A) Shoals (P) Snake Pit (M) Slime Pits (O) Orcish Mines (E) Elven Halls (V) Vaults
Where to? (Enter - Orc:1 @ (x,y), ? - help)
Okay, then.
(D) Dungeon (T) Temple (L) Lair (A) Shoals (P) Snake Pit (M) Slime Pits (O) Orcish Mines (E) Elven Halls (V) Vaults
Where to? (Enter - Orc:1 @ (x,y), ? - help)
Okay, then.
The barbs in your skin will harm you if you move.
Continue?
The barbed spikes dig painfully into your body as you move.
You die...

.#. .#. ...# #.o. ......
...o# #.... #.......
....o ..... #..#....
....o#####..... #.......
^...o.oooo.....##.......
#...oo{ooo....##........
.######4){######.........
.......)@o).)............
........4.)))............
.........................
..#............$.........
...............#.........
........................[
................><.....[.
.........................
.#....................##


You could see a rust devil (summoned), 3 orc sorcerers, a red devil (summoned),
4 orc warriors, 3 orc priests and 5 orc wizards.

Vanquished Creatures
  Jorgrun (D:13)
  An orc warlord (Orc:1)
  Snorg (D:10)
  An ettin (Orc:1)
  The ghost of Morbidden the Slicer, a journeyman VSBr of Dithmenos (Lair:3)
  A vault guard (D:13)
  9 hydras
  2 boulder beetles
  2 catoblepae
  An alligator (Lair:5)
  3 two-headed ogres
  A tengu warrior (D:13)
  3 death yaks (Lair:5)
  2 orc high priests
  Sonja (D:12)
  Amaemon (Lair:4)
  A fire crab (Lair:5)
  2 wizards (D:13)
  Pikel (D:5)
  An orc knight (Orc:1)
  2 lindwurms
  An orc sorcerer (Orc:1)
  8 ugly things
  3 cyclopes
  A manticore (D:6)
  6 elephants (Lair:4)
  5 black mambas
  2 gargoyles
  An orange demon (Lair:4)
  12 cane toads
  2 torpor snails
  2 unseen horrors (D:12)
  An entropy weaver simulacrum (IceCv)
  5 kobold demonologists (D:12)
  2 rime drakes
  2 freezing wraiths
  8 komodo dragons
  A tengu conjurer (D:13)
  An efreet (D:13)
  A yaktaur (D:13)
  A queen bee (shapeshifter) (D:13)
  6 trolls
  6 blink frogs
  12 polar bears
  Prince Ribbit (D:9)
  A hornet (D:9)
  A wind drake (shapeshifter) (D:13)
  A raiju (Lair:6)
  12 dream sheep
  Sigmund (D:2)
  A vampire (D:8)
  30 yaks
  A spriggan (shapeshifter) (D:13)
  2 wraiths
  21 humans (D:13)
  3 steam dragons
  5 wyverns
  12 vampire mosquitoes
  3 basilisks
  A death yak simulacrum (IceCv)
  8 wargs
  2 nagas (Lair:3)
  17 water moccasins
  3 acid dragons
  14 hell hounds (Lair:6)
  15 orc warriors
  An ice beast (D:6)
  3 sky beasts
  13 black bears
  2 ogres (D:5)
  14 wolves
  6 centaurs
  3 lemures (D:5)
  2 kobold brigands
  3 phantoms
  19 bullfrogs
  5 scorpions
  13 wights
  6 howler monkeys
  2 electric eels (Lair:1)
  5 hounds
  7 jellies
  12 orc priests
  A gnoll shaman (D:7)
  4 iguanas
  24 orc wizards
  A polar bear simulacrum (IceCv)
  7 adders
  9 gnolls
  A river rat (Sewer)
  2 white imps (D:5)
  An ufetubus (D:7)
  4 worms
  5 dart slugs
  64 orcs
  7 ball pythons
  2 bats (D:2)
  7 endoplasms
  4 giant cockroaches (D:6)
  6 goblins
  10 hobgoblins
  8 jackals
  15 kobolds
  5 quokkas
  5 frilled lizards
  12 rats
602 creatures vanquished.

Vanquished Creatures (others)
  A rime drake (Lair:5)
  A water moccasin (Lair:5)
  2 orc priests (Orc:2)
  An orc (D:8)
  42 fungi
  66 plants
113 creatures vanquished.

Grand Total: 715 creatures vanquished

Notes
Turn   | Place    | Note
-------+----------+-------------------------------------------
     0 | D:1      | Aksej the Demonspawn Gladiator began the quest for the Orb.
     0 | D:1      | Reached XP level 1. HP: 16/16 MP: 1/1
   235 | D:1      | Discovered your monstrous ancestry.
   235 | D:1      | Gained mutation: You have a pair of small horns on your
                  | head. [demonic ancestry]
   235 | D:1      | Reached XP level 2. HP: 18/22 MP: 2/2
   916 | D:2      | Reached XP level 3. HP: 26/28 MP: 3/3
  1025 | D:2      | Found a faded altar of an unknown god.
  1350 | D:2      | Reached skill level 1 in Armour
  1764 | D:2      | Noticed Sigmund
  1789 | D:2      | Killed Sigmund
  1790 | D:2      | Reached skill level 3 in Fighting
  1790 | D:2      | Reached XP level 4. HP: 35/35 MP: 4/4
  1790 | D:2      | Reached XP level 5. HP: 41/41 MP: 5/5
  1938 | D:2      | Identified a scroll of acquirement
  1939 | D:2      | Acquired the ring "Qeexko" {rC+ Will+ Dex+2}
  2234 | D:3      | Gained mutation: You are partially covered in sharp spines.
                  | [demonic ancestry]
  2234 | D:3      | Reached XP level 6. HP: 36/47 MP: 6/6
  2571 | D:3      | Found Ecocirgh's Antique Armour Boutique.
  2737 | D:4      | Reached skill level 5 in Short Blades
  3100 | D:4      | Reached skill level 1 in Stealth
  3304 | D:4      | Found a staircase to the Ecumenical Temple.
  3313 | Temple   | Entered the Ecumenical Temple
  3333 | Temple   | Became a worshipper of the Wu Jian Council
  3876 | D:5      | Entered Level 5 of the Dungeon
  3886 | D:5      | Found a sacrificial altar of Ru.
  3895 | D:5      | Found a stormy altar of Qazlal.
  3895 | D:5      | Found a bloodstained altar of Trog.
  3897 | D:5      | Found a burning altar of Makhleb.
  3897 | D:5      | Found a basalt altar of Yredelemnul.
  3977 | D:3      | Bought an encrusted leather armour for 161 gold pieces
  3977 | D:3      | Identified the +3 leather armour of Eternity {Str+4 Int+4
                  | Slay+3} (You bought it in a shop on level 3 of the Dungeon)
  4106 | D:5      | Gained mutation: You have large cloven feet. [demonic
                  | ancestry]
  4106 | D:5      | Reached XP level 7. HP: 39/53 MP: 7/7
  4356 | D:5      | Noticed Pikel
  4385 | D:5      | Killed Pikel
  4386 | D:5      | Reached skill level 4 in Fighting
  4386 | D:5      | Reached XP level 8. HP: 46/61 MP: 8/8
  4613 | D:5      | Reached skill level 5 in Fighting
  4719 | D:5      | Reached skill level 6 in Fighting
  5063 | D:5      | Gained mutation: You have a small tail. [demonic ancestry]
  5063 | D:5      | Reached XP level 9. HP: 69/69 MP: 9/9
  5267 | D:5      | Reached * piety under Wu Jian
  5513 | D:6      | Found a glowing drain.
  5528 | Sewer    | Entered a sewer
  5740 | Sewer    | Reached ** piety under Wu Jian
  6066 | D:6      | Noticed a manticore
  6073 | D:6      | Killed a manticore
  6074 | D:6      | Reached skill level 7 in Fighting
  7729 | D:8      | Gained mutation: You are mostly covered in sharp spines.
                  | [demonic ancestry]
  7729 | D:8      | Reached XP level 10. HP: 79/79 MP: 10/10
  8150 | D:9      | Identified the +2 ring mail "Kiof" {Int+4 Stlth+}
  8275 | D:9      | Reached *** piety under Wu Jian
  8276 | D:9      | Reached skill level 5 in Dodging
  8280 | D:9      | Reached skill level 8 in Fighting
  8446 | D:9      | Noticed Prince Ribbit
  8453 | D:9      | Killed Prince Ribbit
  8454 | D:9      | Reached skill level 5 in Stealth
  8515 | D:9      | Noticed a purple ugly thing
  8518 | D:9      | Killed a purple ugly thing
  8519 | D:9      | Reached skill level 10 in Short Blades
  9309 | D:10     | Entered Level 10 of the Dungeon
  9309 | D:10     | Noticed Snorg
  9414 | D:10     | Found Vahefoome's Assorted Antiques.
  9424 | D:10     | Bought a scroll of enchant weapon for 180 gold pieces
  9424 | D:10     | Bought a scroll of identify for 48 gold pieces
  9511 | D:10     | Killed Snorg
  9512 | D:10     | Reached skill level 9 in Fighting
  9512 | D:10     | Gained mutation: You have a pair of horns on your head.
                  | [demonic ancestry]
  9512 | D:10     | Reached XP level 11. HP: 66/89 MP: 11/11
  9620 | D:10     | Noticed a two-headed ogre
  9630 | D:10     | Killed a two-headed ogre
  9642 | D:10     | Reached skill level 1 in Shields
  9668 | D:10     | Reached **** piety under Wu Jian
  9678 | D:10     | Found a staircase to the Orcish Mines.
 10203 | D:11     | Noticed a cyan ugly thing
 10214 | D:11     | Killed a cyan ugly thing
 10528 | D:11     | Noticed a two-headed ogre
 10530 | D:11     | Killed a two-headed ogre
 10567 | D:11     | Noticed a six-headed hydra
 10588 | D:11     | Killed a six-headed hydra
 10715 | D:11     | Reached skill level 10 in Fighting
 10853 | D:11     | Noticed a brown ugly thing
 10856 | D:11     | Killed a brown ugly thing
 10977 | D:11     | Found a staircase to the Lair.
 11220 | D:12     | Noticed a sun demon
 11225 | D:12     | Reached ***** piety under Wu Jian
 11237 | D:12     | Gained mutation: You have a tail ending in a sharp stinger.
                  | [demonic ancestry]
 11237 | D:12     | Reached XP level 12. HP: 51/98 MP: 1/12
 11251 | D:12     | Reached skill level 5 in Armour
 11626 | D:12     | Noticed a boulder beetle
 11641 | D:12     | Killed a boulder beetle
 11760 | D:12     | Noticed a two-headed ogre
 11766 | D:12     | Killed a two-headed ogre
 12106 | D:12     | Noticed Sonja
 12128 | D:12     | Killed Sonja
 12364 | D:12     | Found a snail-covered altar of Cheibriados.
 12630 | D:13     | Reached skill level 11 in Fighting
 12788 | D:13     | Found a gate to the Vaults.
 12788 | D:13     | Noticed a vault guard
 12800 | D:13     | Killed a vault guard
 13016 | D:13     | Noticed a boulder beetle
 13035 | D:13     | Killed a boulder beetle
 13489 | D:13     | Noticed a five-headed hydra
 13495 | D:13     | Killed a five-headed hydra
 13496 | D:13     | Reached skill level 12 in Fighting
 13637 | D:13     | Noticed a tengu warrior
 13644 | D:13     | Killed a tengu warrior
 13654 | D:13     | Reached XP level 13. HP: 108/108 MP: 13/13
 13756 | D:13     | Noticed Jorgrun
 13780 | D:13     | Killed Jorgrun
 14662 | Lair:1   | Entered Level 1 of the Lair of Beasts
 16650 | Lair:3   | Reached ****** piety under Wu Jian
 16741 | Lair:3   | Found a staircase to the Snake Pit.
 16773 | Lair:3   | Found a runed translucent door.
 16778 | Lair:3   | Noticed Morbidden's ghost (journeyman VSBr)
 16797 | Lair:3   | Killed Morbidden's ghost
 17019 | Lair:3   | Reached skill level 13 in Fighting
 17636 | Lair:4   | Noticed Amaemon
 17643 | Lair:4   | Killed Amaemon
 17673 | Lair:4   | Reached skill level 10 in Stealth
 17943 | Lair:4   | Found a frozen archway.
 17954 | IceCv    | Entered an ice cave
 17955 | IceCv    | Found a transporter.
 18240 | Lair:4   | Found a staircase to the Shoals.
 18954 | Lair:5   | Reached XP level 14. HP: 118/118 MP: 14/14
 19099 | Lair:5   | Reached skill level 5 in Shields
 20548 | Lair:6   | Entered Level 6 of the Lair of Beasts
 20622 | Lair:6   | Reached skill level 14 in Fighting
 20988 | Lair:6   | Found a staircase to the Slime Pits.
 21962 | Lair:6   | Identified the +2 scimitar of the Vestibule of Hell {drain,
                  | Contam rElec rPois rC++}
 22311 | Orc:1    | Entered Level 1 of the Orcish Mines
 22324 | Orc:1    | Reached skill level 1 in Long Blades
 22327 | Orc:1    | Noticed an orc warlord
 22348 | Orc:1    | Killed an orc warlord
 22352 | Orc:1    | HP: 7/181 [orc warrior/+0 trident[an orc warlord] (13)]
 22355 | Orc:1    | Reached XP level 15. HP: 8/127 MP: 1/15
 22778 | D:10     | Bought an ichor-stained robe for 136 gold pieces
 22778 | D:10     | Identified the +2 robe of Gehenna {rC+ Stlth+} (You bought
                  | it in a shop on level 10 of the Dungeon)
 23294 | Orc:2    | Entered Level 2 of the Orcish Mines
 23294 | Orc:2    | Found a staircase to the Elven Halls.
 23534 | Orc:2    | HP: 4/190 [red devil/+0 trident[an orc sorcerer] (12)]
 23535 | Orc:2    | Succumbed to barbed spike wounds

Illustrated notes

Levels and vault maps discovered:
D:1:      kennysheep_arrival_forest, layout_loops_cross, chequers_jeans
D:2:      layout_basic, hellmonk_ecumenical_altar_pennies_from_heaven,
          wander_ebering_terrifying_dragon_lair, uniq_sigmund
D:3:      layout_rooms, serial_shops, nicolae_shop_stone
D:4:      layout_basic, overflow_temple_1_default, minmay_temple_entry_slanted
D:5:      cheibrodos_fzero, layout_loops_corners, grunt_temple_overflow_open,
          item_on_display_a, uniq_pikel
D:6:      layout_loops_ring, gup_sewer_entry_bubbles, sigmund_army
D:7:      layout_basic, minmay_misc_feat_alley
D:8:      layout_loops_ring, dk_rats_in_the_wall
D:9:      layout_grid_maze, chequers_avenue, minmay_three_doors,
          uniq_prince_ribbit1
D:10:     layout_long_grid, erik_orc_3, serial_shops, shop, uniq_snorg
D:11:     layout_loops_ring, grunt_lair_entry_orc_guard_hut
D:12:     layout_cave_pools, cheibrodos_worm_habitat, uniq_sonja
D:13:     layout_gridville, grunt_vaults_entry_tiered, uniq_jorgrun
D:14:     layout_cave_pools, grunt_gozag_statues,
          hangedman_abyss_or_decor_jellyfish_corner
Temple:   eino_temple_scatter_basement
Lair:1:   layout_hall_layers, chequers_serial_rivers_small_3, st_stairs_8,
          beast_lair_carwin_6, serial_bayou_shore_a, serial_bayou_shore_b,
          infiniplex_staircase_pool
Lair:2:   layout_long_grid
Lair:3:   layout_hall_layers, minmay_snake_entry_guardpost_small,
          ebering_ghost_reflecting_pool
Lair:4:   layout_small_grid, shoals_dummy_entry,
          portal_ice_cave_entry_pillars_2, minivault_26, uniq_amaemon
Lair:5:   nzn_winding_woodlands_medium [nzn_winding_woodlands_5x5_perimeter,
          nzn_winding_woodlands_5x15_garden, nzn_winding_woodlands_hourglass,
          nzn_winding_woodlands_5x5_default,
          nzn_winding_woodlands_center_pierced_h,
          nzn_winding_woodlands_5x5_checkerboard,
          nzn_winding_woodlands_5x5_open_star, nzn_winding_woodlands_5x15_cabin,
          nzn_winding_woodlands_5x5_cross], layout_hall_layers,
          chequers_serial_rivers_large_a, chequers_serial_rivers_micro_e
Lair:6:   hangedman_lair_caniforms_friends, layout_cave_pods,
          hangedman_lair_in_review, nicolae_slime_entry_slimehenge,
          columned_hall_lemuel
Orc:1:    layout_diamond_mine
Orc:2:    st_orc_mages, layout_caves, serial_shops, nicolae_shop_trees

Skill      XL: |  1  2  3  4  5  6  7  8  9 10 11 12 13 14 15 |
---------------+----------------------------------------------+-----
Short Blades   | 3 4 5 6 7 9 10 11 12 13 | 13.1
Armour         | 2 3 4 5 6 |  6.7
Fighting       | 3 4 6 7 9 10 12 13 14 | 14.7
Dodging        | 3 4 5 6 7 8 9 |  9.8
Stealth        | 1 2 3 4 6 7 8 10 11 | 11.2
Throwing       | 2 3 |  3.4
Shields        | 2 3 4 5 |  5.9
Long Blades    | 1 2 |  2.8

Action                   |  1- 3 |  4- 6 |  7- 9 | 10-12 | 13-15 || total
-------------------------+-------+-------+-------+-------+-------++-------
Melee: Rapier            |    97 |   113 |   223 |    44 |       ||   477
       Headbutt          |    12 |    10 |    45 |   130 |   212 ||   409
       Kick              |       |       |    63 |       |       ||    63
       Punch             |       |       |     2 |       |       ||     2
       Tailslap          |       |       |     8 |    88 |   173 ||   269
       Short sword       |       |       |       |   477 |   783 ||  1260
       Scimitar          |       |       |       |       |   173 ||   173
Throw: Throwing net      |       |     1 |       |     9 |       ||    10
       Boomerang         |       |       |       |     9 |       ||     9
       Javelin           |       |       |       |     1 |       ||     1
Invok: Lunge             |       |     3 |    29 |    58 |    95 ||   185
       Whirlwind         |       |       |       |   166 |   450 ||   616
  Use: Scroll            |     3 |     5 |    11 |    10 |     4 ||    33
       Potion            |     3 |       |     2 |     6 |     4 ||    15
 Stab: Sleeping          |       |     4 |    11 |    20 |    27 ||    62
       Held in net/web   |       |     1 |       |     2 |       ||     3
       Distracted        |       |       |       |     1 |     5 ||     6
       Petrifying        |       |       |       |       |     2 ||     2
       Petrified         |       |       |       |       |     2 ||     2
Armor: Leather armour    |    21 |    42 |    58 |    93 |   143 ||   357
Dodge: Dodged            |    40 |    43 |    83 |   183 |   399 ||   748
       Repelled          |     1 |     3 |     1 |     1 |     6 ||    12
Block: Buckler           |       |       |       |    74 |   166 ||   240

Table legend: (Time is in decaauts)
 A = Elapsed time spent in this place.
 B = Non-inter-level travel time spent in this place.
 C = Inter-level travel time spent in this place.
 D = Time resting spent in this place.
 E = Time spent auto-exploring this place.
 F = Levels seen in this place.
 G = Mean time per level.
                   A        B        C        D        E       F      G
               +--------+--------+--------+--------+--------+-----+--------+
         Total |  23505 |  22450 |   1055 |      0 |  19090 |  25 |  940.2 |
       Dungeon |  14919 |  14121 |    798 |      0 |  12009 |  14 | 1065.6 |
        Temple |     29 |     21 |      8 |      0 |      8 |   1 |   29.0 |
          Lair |   7393 |   7182 |    211 |      0 |   6215 |   6 | 1232.2 |
  Orcish Mines |    792 |    754 |     38 |      0 |    544 |   2 |  396.0 |
         Sewer |    357 |    357 |      0 |      0 |    314 |   1 |  357.0 |
      Ice Cave |     12 |     12 |      0 |      0 |      0 |   1 |   12.0 |
               +--------+--------+--------+--------+--------+-----+--------+

Top non-repeatable levels by time:
    D:13: 1958 daAuts
  Lair:5: 1651 daAuts
  Lair:6: 1612 daAuts
    D:12: 1457 daAuts
  Lair:4: 1386 daAuts
     D:5: 1311 daAuts
     D:2: 1292 daAuts
    D:10: 1291 daAuts
     D:4: 1275 daAuts
     D:9: 1193 daAuts
    D:11: 1114 daAuts
  Lair:1: 982 daAuts
     D:6: 962 daAuts
  Lair:3: 887 daAuts
     D:1: 877 daAuts
